 Dungeon Crawl Stone Soup version 0.31-a0-1591-g515db51633 (webtiles) character file.

Game seed: 4629812002985510103

4 Flugslaktarn the Apothecary (level 1, -1/11 HPs)
             Began as an Octopode Alchemist on Jan 6, 2024.
             Slain by a quokka (3 damage)
             ... on level 1 of the Dungeon.
             The game lasted 00:00:14 (66 turns).

Flugslaktarn the Apothecary (Octopode Alchemist)      Turns: 66, Time: 00:00:15

Health: -1/11      AC:  1    Str:  7    XL:     1   Next: 60%
Magic:  1/3        EV: 13    Int: 17    God:
Gold:   14         SH:  0    Dex: 12    Spells: 3/4 levels left

rFire   . . .        b - +0 dagger
rCold   . . .        (no shield)
rNeg    . . .        (helmet restricted)
rPois   .            (no amulet)
rElec   .            (no ring)
rCorr   .            (no ring)
SInv    .            (no ring)
Will    .....        (no ring)
Stlth   +++          (no ring)
HPRegen 0.21/turn    (no ring)
MPRegen 0.08/turn    (no ring)
                     (no ring)

%: no passive effects
@: no status effects
A: almost no armour, amphibious, 8 rings, camouflage 1, gelatinous body 1,
(nimble swimmer 1), tentacles
a: no special abilities


You were on level 1 of the Dungeon.
You visited 1 branch of the dungeon, and saw 1 of its levels.

You collected 14 gold pieces.

Inventory:

Hand Weapons
 b - a +0 dagger (weapon)
   (You took it off a kobold on level 1 of the Dungeon)
Potions
 a - a potion of magic


   Skills:
 - Level 2.0 Dodging
 - Level 2.6 Stealth
 + Level 2.1 Spellcasting
 - Level 1.0 Conjurations
 * Level 3.5 Alchemy


You had 3 spell levels left.
You knew the following spells:

 Your Spells              Type           Power      Damage    Failure   Level
a - Sting                 Conj/Alch      36%        1d5       8%          1

Your spell library contained the following spells:

 Spells                   Type           Power      Damage    Failure   Level
 Mercury Vapours          Alch/Air       14%        N/A       14%         2
 Mephitic Cloud           Conj/Alch/Air  6%         N/A       30%         3
 Olgreb's Toxic Radiance  Alch           13%        N/A       41%         4
 Sticky Flame             Fire/Alch      7%         2d4       67%         4


Dungeon Overview and Level Annotations

Branches:
Dungeon (1/15)

Altars:


Innate Abilities, Weirdness & Mutations

You cannot wear most types of armour.
You are amphibious.
You can wear up to eight rings at the same time.
Your skin changes colour to match your surroundings (Stealth+).
Your rubbery body absorbs attacks. (AC +1, EV +1)
((You are camouflaged when in or above water. (Stealth+)))
You have tentacles for arms and can constrict up to eight enemies at once.


Message History

Welcome, Flugslaktarn the Octopode Alchemist.
The Orb of Zot is coveted for many reasons.
Will you seize it for your own?
Press ? for a list of commands and other information.
Found a staircase leading out of the dungeon.
You enter the shallow water.
You open the large door.
There is a large open door here.
A quokka comes into view.
A quokka is nearby!
Casting: Sting (safe; 9% risk of failure)
Confirm with . or Enter, or press ? or * to list all spells.
Aiming: Sting (safe; 9% risk of failure)
Press: ? - help, Shift-Dir - straight line, f - quokka
Aim: a quokka (asleep, 100% to hit)
The sting hits the quokka.
The quokka is poisoned.
The quokka is moderately wounded.
The quokka bites you.
You tentacle-slap the quokka. Your grab misses the quokka.
The quokka is severely wounded.
You kill the quokka!
No target in view!
A kobold comes into view. It is wielding a +0 short sword.
Casting: Sting (safe; 8% risk of failure)
Confirm with . or Enter, or press ? or * to list all spells.
Aiming: Sting (safe; 8% risk of failure)
Press: ? - help, Shift-Dir - straight line, f - kobold
Aim: a kobold, wielding a +0 short sword and quivering stones (asleep, 100% to hit)
The sting hits the kobold.
The kobold is poisoned.
You kill the kobold!
Things that are here:
a +0 short sword; 5 stones A kobold comes into view.
It is wielding a +0 dagger.
Casting: Sting (safe; 8% risk of failure)
Confirm with . or Enter, or press ? or * to list all spells.
Aiming: Sting (safe; 8% risk of failure)
Press: ? - help, Shift-Dir - straight line, f - kobold
Aim: a kobold, wielding a +0 dagger (asleep, 100% to hit)
The sting hits the kobold.
The kobold is poisoned.
The kobold is moderately wounded.
The kobold barely misses you.
You barely miss the kobold. Your grab misses the kobold.
You squeeze the kobold.
You kill the kobold!
No target in view!
Things that are here:
a +0 dagger; a kobold corpse
Things that are here:
a +0 dagger; a kobold corpse
b - a +0 dagger (weapon)
A ball python comes into view.
Found 14 gold pieces.
A quokka comes into view.
You now have 14 gold pieces.
There are no items here.
The quokka bites you.
You closely miss the quokka. Your grab misses the quokka.
The quokka closely misses you. x2
Casting: Sting (safe; 8% risk of failure)
Confirm with . or Enter, or press ? or * to list all spells.
Aiming: Sting (safe; 8% risk of failure)
Press: ? - help, Shift-Dir - straight line, f - quokka
Aim: a quokka (56% to hit)
The sting misses the quokka.
The quokka bites you.
You closely miss the quokka. Your grab misses the quokka. The quokka bites you.
* * * LOW HITPOINT WARNING * * *
You are too injured to fight recklessly!
You barely miss the quokka. Your grab misses the quokka. The quokka bites you.
You die...

..#####.## ###..#
# #...## ..###.
#########.###
....# ##.......).#
#..####..#########
#..##.†## ##..#.##
##.@.## ###r.#
.r.............
######.#.....#. #.
##..... #. .##..
.. . . .# S# .#


You could see a quokka.

Vanquished Creatures
  2 kobolds (D:1)
  A quokka (D:1)
3 creatures vanquished.

Notes
Turn   | Place    | Note
-------+----------+-------------------------------------------
     0 | D:1      | Flugslaktarn the Octopode Alchemist began the quest for the
                  | Orb.
     0 | D:1      | Reached XP level 1. HP: 11/11 MP: 3/3
    66 | D:1      | Slain by a quokka

Illustrated notes

Levels and vault maps discovered:
D:1:      lightli_arrival_windingriver, layout_rooms,
          ebering_ecumenical_altar_abandoned

Action                     || total
---------------------------++-------
  Melee: Dagger            ||     3
         Unarmed           ||     2
         Tentacles         ||     1
   Cast: Sting             ||     4
 Armour: Skin              ||     5
  Dodge: Dodged            ||     3

Table legend: (Time is in decaauts)
 A = Elapsed time spent in this place.
 B = Non-inter-level travel time spent in this place.
 C = Inter-level travel time spent in this place.
 D = Time resting spent in this place.
 E = Time spent auto-exploring this place.
 F = Levels seen in this place.
 G = Mean time per level.
                   A        B        C        D        E       F      G
               +--------+--------+--------+--------+--------+-----+--------+
         Total |     65 |     65 |      0 |      0 |      0 |   1 |   65.0 |
       Dungeon |     65 |     65 |      0 |      0 |      0 |   1 |   65.0 |
               +--------+--------+--------+--------+--------+-----+--------+

Top non-repeatable levels by time:
     D:1: 65 daAuts
